 Dungeon Crawl Stone Soup version 0.19-a0-958-gd69d43c (webtiles) character file.

357 Charly the Covert (level 6, -1/42 HPs)
             Began as a Halfling Assassin on July 11, 2016.
             Was an Initiate of Makhleb.
             Slain by a quasit (2 damage)
             ... on level 6 of the Dungeon.
             The game lasted 00:28:09 (1726 turns).

Charly the Covert (Halfling Assassin)               Turns: 1726, Time: 00:28:09

Health: -1/42      AC:  4    Str: 11    XL:     6   Next: 96%
Magic:  6/6        EV: 14    Int:  5    God:    Makhleb [......]
Gold:   80         SH:  0    Dex: 18    Spells: 0 memorised, 5 levels left

rFire  . . .     SeeInvis .     a - +3 dagger
rCold  . . .     Gourm    .     c - +0 robe
rNeg   . . .     Faith    .     (shield restricted)
rPois  .         Spirit   .     m - +0 helmet
rElec  .         Dismiss  .     d - +0 cloak
rCorr  .         Reflect  .     (no gloves)
SustAt .         Harm     .     (no boots)
MR     .....                    (no amulet)
Stlth  ++++......               f - -5 ring of intelligence (curse)
                                r - ring of loudness (curse)

@: not resistant to hostile enchantments, stealthy
A: mutation resistance 1
a: Renounce Religion


You were on level 6 of the Dungeon.
You worshipped Makhleb.
Makhleb was noncommittal.
You were not hungry.

You visited 2 branches of the dungeon, and saw 8 of its levels.

You collected 80 gold pieces.

Inventory:

Hand Weapons
 a - a +3 dagger (weapon)
 b - a +0 blowgun
Missiles
 e - 4 poisoned needles
 n - a curare-tipped needle
Armour
 c - a +0 robe (worn)
 d - a +0 cloak (worn)
 m - a +0 helmet (worn)
Magical Staves
 l - an uncursed staff of cold {unknown}
Jewellery
 f - a cursed -5 ring of intelligence (right hand)
 j - a +4 ring of dexterity
 r - a cursed ring of loudness (left hand)
Scrolls
 h - 2 scrolls of identify
 k - 2 scrolls of magic mapping
 q - 2 scrolls of immolation
Comestibles
 g - 3 bread rations
 o - 2 meat rations


   Skills:
 + Level 3.3 Fighting
 - Level 2.6 Short Blades
 - Level 2.1 Throwing
 - Level 1.1 Dodging
 - Level 8.1 Stealth


You had 5 spell levels left.
You didn't know any spells.

Dungeon Overview and Level Annotations

Branches:
Dungeon (7/15)             Temple (1/1) D:6

Altars:
Ashenzari
Cheibriados
Dithmenos
Elyvilon
Fedhas
Gozag
Makhleb
Nemelex Xobeh
Qazlal
Sif Muna
Trog
Vehumet
Xom
Yredelemnul
Zin
The Shining One

Shops:
D:6 **

Annotations:
D:3 Fenrir042's ghost, amateur HOMo


Innate Abilities, Weirdness & Mutations

You are small and have problems with some larger weapons.
You are somewhat resistant to further mutation.


Message History

The quasit bites you.
* * * LOW HITPOINT WARNING * * *
The quasit misses you. The quasit barely misses you.
You closely miss the quasit.
The quasit is moderately wounded.
The quasit bites you but does no damage.
The quasit misses you.
The quasit claws you but does no damage.
The quasit bites you but does no damage.
The quasit claws you but does no damage.
The quasit closely misses you.
Items here: )) [[ a dagger; a robe; a club; a robe The quasit barely misses you.
The quasit claws you but does no damage. x2
Okay, then.
You barely miss the quasit.
The quasit is moderately wounded.
The quasit bites you.
You die...

#.P####..#.####.....##
#..#[.#..÷.#
#.......##
#..#..#..###
#.......## #..#'##..#
#.......## #........#
##.[...### #........#
##....... ####...###
####.### ##..#.# #..†#
# #####..##@# #.### #
#...>.###5# #. #
#.#######.# .
#..5..5.#)# .. #)#>#
#. #.#.# #. #.#.#
#...# ###.#


You could see a quasit.

Vanquished Creatures
  A sky beast (D:5)
  A hound (D:5)
  An orc priest (D:6)
  2 orc wizards (D:6)
  A centaur skeleton (D:6)
  An iguana (D:5)
  3 adders
  2 shadow imps (D:6)
  An ooze (D:4)
  A worm (D:2)
  2 dart slugs
  2 giant geckos
  An orc (D:6)
  A bat (D:1)
  2 giant cockroaches (D:4)
  2 goblins (D:1)
  4 hobgoblins
  7 jackals
  2 quokkas
  2 giant gecko zombies (D:5)
  A giant newt (D:5)
  7 rats
47 creatures vanquished.

Notes
Turn   | Place    | Note
-------+----------+-------------------------------------------
     0 | D:1      | Charly the Halfling Assassin began the quest for the Orb.
     0 | D:1      | Reached XP level 1. HP: 14/14 MP: 1/1
   105 | D:1      | Reached XP level 2. HP: 19/19 MP: 2/2
   115 | D:1      | Reached skill level 5 in Stealth
   380 | D:2      | Found a stormy altar of Qazlal.
   381 | D:2      | Found a sparkling altar of Nemelex Xobeh.
   433 | D:3      | Reached XP level 3. HP: 22/24 MP: 3/3
   489 | D:3      | Noticed Fenrir042's ghost (amateur HOMo)
   623 | D:4      | Reached skill level 6 in Stealth
   637 | D:4      | Reached XP level 4. HP: 13/29 MP: 4/4
   685 | D:5      | Entered Level 5 of the Dungeon
   868 | D:5      | Found a glowing golden altar of the Shining One.
   868 | D:5      | Noticed a sky beast
   911 | D:6      | Found Heirato's Assorted Antiques.
   961 | D:5      | Found a deep blue altar of Sif Muna.
  1016 | D:5      | Reached skill level 7 in Stealth
  1016 | D:5      | Reached XP level 5. HP: 18/34 MP: 5/5
  1165 | D:5      | Killed a sky beast
  1165 | D:5      | Reached skill level 8 in Stealth
  1165 | D:5      | Reached XP level 6. HP: 21/39 MP: 6/6
  1412 | D:6      | Found Fuattudgh's General Store.
  1447 | D:6      | Found a staircase to the Ecumenical Temple.
  1454 | Temple   | Entered the Ecumenical Temple
  1511 | Temple   | Became a worshipper of Makhleb the Destroyer
  1627 | D:7      | Noticed a phantom
  1627 | D:7      | Noticed a phantom
  1713 | D:6      | HP: 2/42 [quasit (1)]
  1718 | D:6      | HP: 1/42 [quasit (1)]
  1726 | D:6      | Slain by a quasit

Vault maps used:
D:1:      co_arrival_random_square_maze
D:2:      nicolae_ru_sacrificial_ziggurat, gammafunk_temple_overflow_statue,
          first_bread
D:3:      uniq_grinder
D:5:      kiku_gazebo_pond_becter, overflow_temple_1_default,
          lemuel_round_altar, basic_altar
D:6:      serial_shops, nicolae_shop_statue_plus, shop, shop, shop,
          corexii_shack
D:7:      nicolae_overflow_crystal_walls, grunt_gozag_breadcrumbs
Temple:   dshaligram_water_room_temple

Skill      XL: |  1  2  3  4  5  6 |
---------------+-------------------+-----
Stealth        | 5 6 7 8 |  8.1
Fighting       | 3 |  3.3
Short Blades   | |  2.6
Throwing       | |  2.1
Dodging        | |  1.1

Action                   |  1- 3 |  4- 6 || total
-------------------------+-------+-------++-------
Melee: Dagger            |    53 |   109 ||   162
 Fire: Blowgun           |    21 |    22 ||    43
  Use: Scroll            |       |     8 ||     8
       Potion            |       |     2 ||     2
 Stab: Sleeping          |     8 |     7 ||    15
  Eat: Beef jerky        |       |     1 ||     1
       Fruit             |       |     3 ||     3
Armor: Robe              |    13 |    32 ||    45
Dodge: Dodged            |    35 |    87 ||   122
